 Dungeon Crawl Stone Soup version 0.32-a0-918-g0f22ef8d61 (webtiles) character file.

Game seed: 11688490964876604297

73 sleeves the Trooper (level 4, -5/75 HPs)
             Began as an Oni Berserker on Apr 11, 2024.
             Was a Believer of Trog.
             Slain by a gnoll
             ... wielding a +0 halberd
              (13 damage)
             ... on level 2 of the Dungeon.
             The game lasted 00:01:55 (1252 turns).

sleeves the Trooper (Oni Berserker)                 Turns: 1252, Time: 00:01:55

Health: -5/75      AC:  3    Str: 23    XL:     4   Next: 27%
Magic:  4/4        EV:  9    Int:  8    God:    Trog [**....]
Gold:   128        SH:  0    Dex:  8    Spells: 3/3 levels left

rFire   . . .        a - +0 mace
rCold   . . .        (no shield)
rNeg    . . .        b - +0 animal skin
rPois   .            (helmet restricted)
rElec   .            (no cloak)
rCorr   .            (gloves unavailable)
SInv    .            (boots unavailable)
Will    .....        (no amulet) Stlth
                     (no ring)
HPRegen 0.32/turn    (no ring)
MPRegen 0.09/turn

%: no passive effects
@: berserking, very quick
A: large, unfitting armour, horns 1, tough skin 1, double potion healing,
drunken brawling
a: Renounce Religion, Berserk, Trog's Hand


You were on level 2 of the Dungeon.
You worshipped Trog.
Trog was pleased with you.
You visited 1 branch of the dungeon, and saw 2 of its levels.

You collected 128 gold pieces.

Inventory:

Hand Weapons
 a - a +0 mace (weapon)
 m - a +0 flail
   (You took it off a gnoll on level 1 of the Dungeon)
Armour
 b - a +0 animal skin (worn)
Scrolls
 d - a scroll of noise {unknown}
 f - a scroll of identify {unknown}
 g - 2 scrolls of enchant armour {unknown}
 h - 2 scrolls of teleportation {unknown}
 i - a scroll of amnesia {unknown}
 l - 2 scrolls of vulnerability {unknown}
Potions
 c - 2 potions of brilliance {unknown}
 e - a potion of enlightenment {unknown}
 j - a potion of degeneration {unknown}
 k - a potion of curing {unknown}


   Skills:
 + Level 5.0 Fighting
 * Level 4.4 Maces & Flails
 - Level 2.6 Dodging


You had 3 spell levels left.
You didn't know any spells.
Your spell library was empty.

Dungeon Overview and Level Annotations

Branches:
Dungeon (2/15)

Altars:


Innate Abilities, Weirdness & Mutations

You are too large for most types of armour.
You have a pair of small horns on your head.
You have tough skin. (AC +1)
You gain doubled healing and magic from potions.
Whenever you drink a healing potion, you attack all around you.


Message History

Welcome, sleeves the Oni Berserker.
Everyone else who sought the Orb of Zot has failed.
Will you be different?
Trog says: Kill them all!
Press ? for a list of commands and other information.
Found a staircase leading out of the dungeon.
There is a staircase leading out of the dungeon here.
You open the door.
A bat comes into view.
Found 6 stones.
A bat is nearby!
A bat is nearby!
A bat is nearby!
The bat barely misses you.
There is an open door here.
You closely miss the bat. The bat barely misses you.
The bat hits you but does no damage.
You hit the bat but do no damage. You headbutt the bat.
The bat is severely wounded.
The bat hits you but does no damage. The bat hits you but does no damage.
You barely miss the bat.
The bat is severely wounded.
The bat hits you but does no damage. The bat barely misses you.
The bat hits you but does no damage. The bat hits you but does no damage.
The bat barely misses you. The bat barely misses you.
A bat is nearby!
A bat is nearby!
You hit the bat.
You kill the bat!
Trog accepts your kill.
No target in view!
No target in view!
No target in view!
No target in view!
No target in view!
No target in view!
No target in view!
No target in view!
You see here 6 stones.
A rat comes into view.
The rat squeaks loudly.
A rat is nearby!
A rat is nearby!
You hit the rat.
You kill the rat!
Trog accepts your kill.
No target in view!
No target in view!
No target in view!
No target in view!
No target in view!
No target in view!
No target in view!
No target in view!
A goblin comes into view. It is wielding a +0 dagger.
The goblin shouts!
You see here a cyan potion.
A goblin is nearby!
A goblin is nearby!
Found a war axe.
An endoplasm comes into view.
A frilled lizard comes into view.
The frilled lizard hisses angrily.
Found a book of the Moon.
The goblin attacks as it pursues you! The goblin hits you with a +0 dagger.
You barely miss the goblin. Your headbutt misses the goblin.
The goblin hits you but does no damage.
You hit the goblin.
The goblin is moderately wounded.
The goblin hits you with a +0 dagger.
You hit the goblin.
You kill the goblin!
Trog accepts your kill.
You completely miss the endoplasm. The endoplasm freezes you.
You are frozen.
The endoplasm hits you but does no damage.
You sock the endoplasm!
You kill the endoplasm!
Trog accepts your kill.
You miss the frilled lizard.
The frilled lizard bites you but does no damage.
You closely miss the frilled lizard.
The frilled lizard bites you but does no damage. x2
You hit the frilled lizard.
You kill the frilled lizard!
Trog accepts your kill.
No target in view!
No target in view!
No target in view!
No target in view!
No target in view!
No target in view!
No target in view!
No target in view!
No target in view!
No target in view!
No target in view!
No target in view!
No target in view!
No target in view!
HP restored.
Things that are here:
a +0 dagger; a frilled lizard corpse A hobgoblin comes into view.
A hobgoblin is nearby!
A hobgoblin is nearby!
A hobgoblin is nearby!
The hobgoblin shouts!
You closely miss the hobgoblin.
The hobgoblin hits you but does no damage.
You hit the hobgoblin. You headbutt the hobgoblin.
You kill the hobgoblin!
Trog accepts your kill.
You have reached level 2!
You now have 16 gold pieces.
Things that are here:
a +0 robe; a hobgoblin corpse
c - a cyan potion A frilled lizard comes into view.
Found 12 gold pieces.
The frilled lizard hisses angrily.
A frilled lizard is nearby!
A frilled lizard is nearby!
The frilled lizard bites you but does no damage.
A bat comes into view.
You sock the frilled lizard!
You kill the frilled lizard!
Trog accepts your kill. The bat misses you. The bat barely misses you.
You miss the bat. The bat hits you but does no damage.
No target in view!
No target in view!
No target in view!
No target in view!
No target in view!
No target in view!
A jackal comes into view.
There are monsters nearby!
There are monsters nearby!
You sock the bat!
You kill the bat!
Trog accepts your kill.
Found a silvery potion.
Things that are here:
a bat corpse; a frilled lizard corpse You thump the jackal!
You kill the jackal!
Trog accepts your kill.
No target in view!
No target in view!
No target in view!
No target in view!
No target in view!
No target in view!
No target in view!
No target in view!
No target in view!
No target in view!
No target in view!
You now have 28 gold pieces (gained 12).
A hobgoblin comes into view.
A hobgoblin is nearby!
A hobgoblin is nearby!
A frilled lizard comes into view.
The frilled lizard hisses angrily.
The hobgoblin shouts!
You see here a scroll labelled JUETUO RUIWOPN.
The frilled lizard closely misses you.
You thump the hobgoblin!
You kill the hobgoblin!
Trog accepts your kill. The frilled lizard closely misses you.
The frilled lizard bites you but does no damage.
You closely miss the frilled lizard. The frilled lizard misses you.
You miss the frilled lizard. The frilled lizard closely misses you.
You barely miss the frilled lizard.
The frilled lizard bites you but does no damage.
You closely miss the frilled lizard. The frilled lizard bites you.
The frilled lizard barely misses you.
You barely miss the frilled lizard. The frilled lizard closely misses you.
A frilled lizard is nearby!
A frilled lizard is nearby!
You barely miss the frilled lizard.
The frilled lizard bites you but does no damage.
You barely miss the frilled lizard.
Your headbutt misses the frilled lizard.
The frilled lizard closely misses you.
You hit the frilled lizard but do no damage.
The frilled lizard barely misses you.
The frilled lizard bites you but does no damage.
You completely miss the frilled lizard. The frilled lizard bites you.
You closely miss the frilled lizard. You headbutt the frilled lizard.
You kill the frilled lizard!
Trog accepts your kill.
No target in view!
No target in view!
d - a scroll labelled JUETUO RUIWOPN A jackal comes into view.
A jackal is nearby!
A jackal is nearby!
You thump the jackal!
You kill the jackal!
Trog accepts your kill.
No target in view!
No target in view!
No target in view!
No target in view!
No target in view!
No target in view!
No target in view!
You see here a jackal corpse.
e - a silvery potion You now have 40 gold pieces (gained 12).
A ball python and 2 hobgoblins come into view.
Found a stone staircase leading down.
The hobgoblin shouts!
The ball python hisses angrily.
There are monsters nearby!
You hit the hobgoblin.
You kill the hobgoblin!
Trog accepts your kill. The ball python bites you.
You hit the ball python.
You kill the ball python!
Trog accepts your kill.
You sock the hobgoblin!
You kill the hobgoblin!
Trog accepts your kill.
No target in view!
No target in view!
No target in view!
No target in view!
No target in view!
A bat comes into view.
A bat is nearby!
A bat is nearby!
Found a scroll labelled AHATEUCZEU.
The bat hits you but does no damage.
You hit the bat.
The bat is heavily wounded.
The bat hits you but does no damage. The bat barely misses you.
The bat hits you but does no damage.
You closely miss the bat.
The bat is heavily wounded.
The bat hits you but does no damage.
You hit the bat but do no damage.
The bat is heavily wounded.
The bat closely misses you. The bat hits you but does no damage.
The bat hits you but does no damage. The bat hits you.
You completely miss the bat.
The bat is moderately wounded.
The bat closely misses you.
You sock the bat!
You kill the bat!
Trog accepts your kill.
No target in view!
f - a scroll labelled AHATEUCZEU You see here a staff of earth.
g - a scroll labelled MUOGOGIRENN No target in view!
No target in view!
No target in view!
No target in view!
No target in view!
No target in view!
No target in view!
No target in view!
You see here a +0 war axe.
You see here a book of the Moon.
A frilled lizard comes into view.
The frilled lizard hisses angrily.
A frilled lizard is nearby!
A frilled lizard is nearby!
A frilled lizard is nearby!
The frilled lizard closely misses you.
You completely miss the frilled lizard. The frilled lizard bites you.
You hit the frilled lizard.
The frilled lizard is heavily wounded.
The frilled lizard barely misses you. The frilled lizard bites you.
You closely miss the frilled lizard. You headbutt the frilled lizard.
You kill the frilled lizard!
Trog accepts your kill.
No target in view!
No target in view!
No target in view!
No target in view!
A dart slug comes into view.
A dart slug is nearby!
A dart slug is nearby!
The dart slug launches a dart at you. The slug dart hits you.
The dart slug bites you but does no damage.
You hit the dart slug. You headbutt the dart slug.
The dart slug is severely wounded.
The dart slug misses you.
You hit the dart slug.
You kill the dart slug!
Trog accepts your kill.
No target in view!
No target in view!
No target in view!
You see here a dart slug corpse.
A rat comes into view.
The rat squeaks loudly.
A rat is nearby!
A rat is nearby!
An endoplasm comes into view.
The rat completely misses you.
You hit the rat but do no damage. The rat closely misses you.
You hit the rat.
The rat is severely wounded.
The rat misses you. The rat barely misses you.
You thump the rat!
You kill the rat!
Trog accepts your kill.
You have reached level 3!
Your experience leads to an increase in your attributes!
Increase (S)trength, (I)ntelligence, or (D)exterity?
You feel stronger. x3
You hit the endoplasm. Your headbutt misses the endoplasm.
The endoplasm is heavily wounded.
The endoplasm freezes you.
You are frozen.
You hit the endoplasm.
You headbutt the endoplasm, but do no damage.
The endoplasm is severely wounded.
The endoplasm closely misses you.
You barely miss the endoplasm.
The endoplasm is severely wounded.
The endoplasm barely misses you. x2
You hit the endoplasm but do no damage. You headbutt the endoplasm.
You kill the endoplasm!
Trog accepts your kill.
No target in view!
No target in view!
No target in view!
No target in view!
You see here a rat corpse.
h - a scroll labelled QAUM WOREOMITZ
Found a stone staircase leading down.
i - a scroll labelled PEYPOGG GEBB
There is a stone staircase leading down here.
A giant cockroach comes into view.
Found a scroll labelled MUOGOGIRENN.
You hit the giant cockroach.
The giant cockroach is almost dead.
The giant cockroach bites you but does no damage. x2
You hit the giant cockroach.
You kill the giant cockroach!
Trog accepts your kill.
No target in view!
No target in view!
No target in view!
No target in view!
No target in view!
No target in view!
An endoplasm comes into view.
You see here a scroll labelled QAUM WOREOMITZ.
An endoplasm is nearby!
An endoplasm is nearby!
The endoplasm hits you.
You hit the endoplasm but do no damage. You headbutt the endoplasm.
The endoplasm is moderately wounded.
The endoplasm hits you. x2
You sock the endoplasm!
You kill the endoplasm!
Trog accepts your kill.
No target in view!
No target in view!
No target in view!
No target in view!
No target in view!
h - 2 scrolls labelled QAUM WOREOMITZ (gained 1)
g - 2 scrolls labelled MUOGOGIRENN (gained 1)
A rat comes into view.
The rat squeaks loudly.
You hear a shout!
A rat is nearby!
A rat is nearby!
A goblin comes into view. It is wielding a +0 dagger.
The rat barely misses you.
You barely miss the rat. The rat closely misses you.
You hit the rat.
The rat is heavily wounded.
The rat bites you but does no damage.
You hit the rat.
You kill the rat!
Trog accepts your kill.
You can now call upon Trog for regeneration and willpower.
You hit the goblin. You headbutt the goblin.
You kill the goblin!
Trog accepts your kill.
No target in view!
No target in view!
Things that are here:
a +0 dagger; a goblin corpse; a rat corpse You see here a rat corpse.
You see here a +1 trident of flaming.
You now have 49 gold pieces (gained 9).
A hobgoblin comes into view.
The hobgoblin shouts!
You hit the hobgoblin.
The hobgoblin is lightly wounded.
The hobgoblin hits you but does no damage.
You hit the hobgoblin.
You kill the hobgoblin!
Trog accepts your kill.
No target in view!
No target in view!
No target in view!
No target in view!
No target in view!
No target in view!
No target in view!
A dart slug comes into view.
A dart slug is nearby!
A dart slug is nearby!
You sock the dart slug!
The dart slug is severely wounded.
The dart slug bites you but does no damage.
You barely miss the dart slug. You headbutt the dart slug.
You kill the dart slug!
Trog accepts your kill.
No target in view!
No target in view!
No target in view!
No target in view!
No target in view!
Found a sling.
You now have 58 gold pieces (gained 9). 2 jackals come into view.
The jackal barks! x2
A giant cockroach comes into view.
The jackal moves out of view.
There are monsters nearby!
A goblin comes into view. It is wielding a +0 club.
The jackal bites you but does no damage.
You barely miss the jackal.
The goblin shouts!
The jackal misses you. The jackal bites you.
You closely miss the jackal.
The jackal bites you but does no damage.
You barely miss the jackal.
The jackal bites you but does no damage.
You hit the jackal but do no damage. Your headbutt misses the jackal.
The jackal bites you. x2
The jackal bites you but does no damage.
The jackal barely misses you.
You miss the jackal. The jackal barely misses you. x2
The jackal bites you but does no damage.
You hit the jackal.
The jackal is severely wounded.
The jackal bites you.
A rat comes into view.
The jackal bites you but does no damage.
The jackal barely misses you.
The rat moves out of view.
You thump the jackal!
You kill the jackal!
Trog accepts your kill. The jackal barely misses you.
The jackal bites you but does no damage.
The giant cockroach bites you.
You closely miss the giant cockroach. The jackal bites you.
The giant cockroach barely misses you.
You barely miss the giant cockroach.
Your headbutt misses the giant cockroach.
The jackal bites you. The giant cockroach barely misses you.
The jackal barely misses you.
The rat squeaks loudly.
You hit the giant cockroach.
The giant cockroach is severely wounded.
The giant cockroach barely misses you.
The jackal bites you but does no damage.
The giant cockroach barely misses you. The jackal barely misses you.
You closely miss the giant cockroach.
The giant cockroach is severely wounded.
The giant cockroach bites you.
The jackal bites you but does no damage.
You closely miss the giant cockroach.
Your headbutt misses the giant cockroach.
The giant cockroach is severely wounded.
The jackal bites you. The giant cockroach bites you. The jackal bites you.
The giant cockroach bites you but does no damage.
You are too injured to fight recklessly!
You are too injured to fight recklessly!
You are too injured to fight recklessly!
You are too injured to fight recklessly!
You are too injured to fight recklessly!
You are too injured to fight recklessly!
You are too injured to fight recklessly!
You are too injured to fight recklessly!
You are too injured to fight recklessly!
You are too injured to fight recklessly!
The jackal bites you but does no damage.
The jackal attacks as it pursues you! The jackal bites you.
The giant cockroach closely misses you.
The jackal bites you but does no damage.
You hit the giant cockroach but do no damage.
The giant cockroach is heavily wounded.
The giant cockroach bites you. The giant cockroach closely misses you.
You hit the giant cockroach.
You kill the giant cockroach!
Trog accepts your kill.
Your Maces & Flails skill increases to level 4!
You closely miss the jackal. The jackal bites you.
The jackal bites you but does no damage.
You miss the jackal. Your headbutt misses the jackal. The jackal misses you.
The jackal bites you.
You closely miss the jackal. The jackal bites you.
You hit the jackal but do no damage. The jackal bites you.
* * * LOW HITPOINT WARNING * * *
The jackal bites you.
* * * LOW HITPOINT WARNING * * *
You miss the jackal. The jackal barely misses you.
The jackal bites you but does no damage.
You hit the jackal but do no damage. The jackal barely misses you.
The jackal bites you.
* * * LOW HITPOINT WARNING * * *
You hit the jackal. Your headbutt misses the jackal.
The jackal is lightly wounded.
The jackal closely misses you.
You barely miss the jackal.
The jackal is lightly wounded.
The jackal bites you but does no damage.
The jackal closely misses you.
You barely miss the jackal. You headbutt the jackal.
You kill the jackal!
Trog accepts your kill.
You hit the rat.
You kill the rat!
Trog accepts your kill.
You closely miss the goblin. Your headbutt misses the goblin.
The goblin hits you but does no damage.
You barely miss the goblin. The goblin hits you with a +0 club.
* * * LOW HITPOINT WARNING * * *
The goblin barely misses you.
You barely miss the goblin. You headbutt the goblin.
You kill the goblin!
Trog accepts your kill.
Items here: ) †††.
You now have 71 gold pieces (gained 13).
A ball python comes into view.
A ball python is nearby!
A ball python is nearby!
You sock the ball python!
You kill the ball python!
Trog accepts your kill.
No target in view!
No target in view!
No target in view!
No target in view!
No target in view!
A rat comes into view.
The rat squeaks loudly.
A rat is nearby!
A rat is nearby!
You hit the rat.
The rat is heavily wounded.
The rat bites you.
You hit the rat but do no damage. You headbutt the rat.
You kill the rat!
Trog accepts your kill.
No target in view!
No target in view!
No target in view!
No target in view!
No target in view!
Found a stone staircase leading down.
There is a stone staircase leading down here.
You see here a +1 trident of flaming.
You see here 6 stones.
You see here a bat skeleton.
You open the door.
There is an open door here.
Done exploring.
No target in view!
No target in view!
No target in view!
No target in view!
No target in view!
Done exploring.
Done exploring.
Done exploring.
You see here a hobgoblin skeleton.
There is a stone staircase leading down here.
You climb downwards.
There is a stone staircase leading up here.
You now have 84 gold pieces (gained 13).
j - a fizzy grey potion A hobgoblin comes into view.
A hobgoblin is nearby!
A hobgoblin is nearby!
The hobgoblin shouts!
You closely miss the hobgoblin. Your headbutt misses the hobgoblin.
The hobgoblin hits you but does no damage.
You hit the hobgoblin but do no damage. The hobgoblin barely misses you.
You hit the hobgoblin. You headbutt the hobgoblin.
You kill the hobgoblin!
Trog accepts your kill.
No target in view!
No target in view!
No target in view!
You now have 98 gold pieces (gained 14).
You see here a hobgoblin corpse.
k - a viscous blue potion A kobold comes into view.
It is wielding a +0 dagger.
The kobold shouts!
A kobold is nearby!
A kobold is nearby!
You barely miss the kobold. The kobold hits you but does no damage.
You closely miss the kobold. The kobold hits you but does no damage.
The kobold hits you with a +0 dagger.
You barely miss the kobold.
You headbutt the kobold, but do no damage.
The kobold hits you but does no damage.
You thump the kobold!
You kill the kobold!
Trog accepts your kill.
No target in view!
No target in view!
No target in view!
HP restored.
Found a stone staircase leading down.
You now have 107 gold pieces (gained 9).
Found a stone staircase leading up.
A hobgoblin comes into view.
The hobgoblin shouts!
A hobgoblin is nearby!
You closely miss the hobgoblin. The hobgoblin barely misses you.
You sock the hobgoblin!
You kill the hobgoblin!
Trog accepts your kill.
No target in view!
No target in view!
No target in view!
No target in view!
No target in view!
You see here a hobgoblin corpse.
l - a scroll labelled TEIRRA REDOTH
Found a stone staircase leading down.
A hobgoblin comes into view.
A hobgoblin is nearby!
The hobgoblin shouts!
A ribbon worm comes into view.
You swing at nothing.
You swing at nothing.
You closely miss the hobgoblin. The hobgoblin closely misses you.
You closely miss the hobgoblin.
The hobgoblin hits you but does no damage.
You thump the hobgoblin!
You kill the hobgoblin!
Trog accepts your kill.
You swing at nothing.
The ribbon worm expels a string of sticky webbing.
The stream of webbing hits you but does no damage.
You are caught in a web!
The web tears apart.
You barely miss the ribbon worm. The ribbon worm barely misses you.
You barely miss the ribbon worm.
The ribbon worm expels a string of sticky webbing.
The stream of webbing hits you but does no damage.
You are caught in a web!
You struggle to detach yourself from the web.
The ribbon worm bites you.
The web tears apart.
The ribbon worm misses you.
You barely miss the ribbon worm. The ribbon worm bites you!
You sock the ribbon worm!
The ribbon worm is severely wounded.
The ribbon worm barely misses you.
You thump the ribbon worm!
You kill the ribbon worm!
Trog accepts your kill.
You swing at nothing.
A giant cockroach comes into view.
A giant cockroach is nearby!
A giant cockroach is nearby!
You closely miss the giant cockroach. The giant cockroach bites you.
The giant cockroach bites you but does no damage.
You hit the giant cockroach.
You headbutt the giant cockroach, but do no damage.
The giant cockroach is heavily wounded.
The giant cockroach closely misses you.
You closely miss the giant cockroach.
Your headbutt misses the giant cockroach.
The giant cockroach is heavily wounded.
The giant cockroach bites you.
A giant cockroach is nearby!
You sock the giant cockroach!
You kill the giant cockroach!
Trog accepts your kill.
A rat comes into view.
The rat squeaks loudly.
A rat is nearby!
A rat is nearby!
Found a robe.
You sock the rat!
You kill the rat!
Trog accepts your kill.
No target in view!
No target in view!
No target in view!
No target in view!
No target in view!
c - 2 cyan potions (gained 1)
l - 2 scrolls labelled TEIRRA REDOTH (gained 1)
A bat comes into view.
Found 21 gold pieces.
A bat is nearby!
A bat is nearby!
Found a mace.
The bat closely misses you. The bat hits you but does no damage.
You closely miss the bat. The bat hits you but does no damage.
The bat misses you. The bat closely misses you.
You barely miss the bat. The bat hits you but does no damage.
The bat closely misses you.
You hit the bat.
You kill the bat!
Trog accepts your kill.
No target in view!
You now have 120 gold pieces (gained 13).
You now have 128 gold pieces (gained 8).
A quokka comes into view.
A quokka is nearby!
A quokka is nearby!
A quokka is nearby!
The helpless quokka fails to defend itself.
You sock the quokka!
You kill the quokka!
Trog accepts your kill.
No target in view!
No target in view!
No target in view!
No target in view!
No target in view!
You see here a quokka corpse. 2 gnolls come into view.
The gnoll shouts! x2
A gnoll comes into view. It is wielding a +0 halberd.
There are monsters nearby!
There are monsters nearby!
The gnoll shouts!
You see here a quokka corpse.
The gnoll attacks as it pursues you! The gnoll barely misses you.
Found 7 gold pieces.
There is a stone staircase leading down here.
There is a stone staircase leading up here.
The gnoll hits you with a +0 flail!
You climb upwards.
There is a stone staircase leading down here.
You thump the gnoll!
The gnoll is severely wounded.
The gnoll barely misses you.
You hit the gnoll. You headbutt the gnoll.
You kill the gnoll!
Trog accepts your kill.
You have reached level 4!
Things that are here:
a +0 flail; a gnoll corpse
m - a +0 flail You start resting.
HP restored.
There is a stone staircase leading down here.
You climb downwards.
There is a stone staircase leading up here.
The gnoll hits you from afar with a +0 halberd.
You climb upwards.
There is a stone staircase leading down here.
You climb downwards.
There is a stone staircase leading up here.
The gnoll closely misses you.
You barely miss the gnoll. The gnoll hits you with a +0 halberd!
You barely miss the gnoll. You headbutt the gnoll.
The gnoll is moderately wounded.
The gnoll hits you with a +0 halberd!
You are too injured to fight recklessly!
You are too injured to fight recklessly!
You are too injured to fight recklessly!
You hit the gnoll.
The gnoll is severely wounded.
The gnoll hits you with a +0 halberd!
* * * LOW HITPOINT WARNING * * *
The gnoll completely misses you.
A red film seems to cover your vision as you go berserk!
You feel yourself moving faster!
You feel mighty!
The gnoll hits you from afar with a +0 halberd!
* * * LOW HITPOINT WARNING * * *
The gnoll hits you with a +0 halberd!
* * * LOW HITPOINT WARNING * * *
You hit the gnoll.
You kill the gnoll!
Trog accepts your kill. The gnoll barely misses you.
Your Fighting skill increases to level 5!
You see here a +0 halberd.
You barely miss the gnoll. The gnoll hits you with a +0 halberd!
You die...

........#.# #.###.###.# #.###.#
#.# ... #...#.###.# #.#
......#...# #.# ......#.### #.#
#..# ........# #####.# #..# #
#####.#.###### #..<#.# #..##.# #.
#...........###@###.# #$.##.# #.
##......####....g.##.# #..##.# #.
..............÷......###.....#.##
##.#...########...#....#.....#...
.#.#.................#...###.####
.#.#...############..###...#.###.
.#.#...# #..#####..>.... .#.#...#
#.............. .#.#####
#########.............


You could see a gnoll.

Vanquished Creatures
  2 gnolls
  2 dart slugs (D:1)
  A ribbon worm (D:2)
  2 ball pythons (D:1)
  4 bats
  3 endoplasms (D:1)
  3 giant cockroaches
  3 goblins (D:1)
  8 hobgoblins
  4 jackals (D:1)
  A quokka (D:2)
  4 frilled lizards (D:1)
  A kobold (D:2)
  6 rats
44 creatures vanquished.

Notes
Turn   | Place    | Note
-------+----------+-------------------------------------------
     0 | D:1      | sleeves the Oni Berserker began the quest for the Orb.
     0 | D:1      | Reached XP level 1. HP: 24/24 MP: 1/1
    65 | D:1      | Reached XP level 2. HP: 32/32 MP: 2/2
   300 | D:1      | Reached XP level 3. HP: 40/40 MP: 3/3
   376 | D:1      | Reached ** piety under Trog
   558 | D:1      | Reached skill level 4 in Maces & Flails
   561 | D:1      | HP: 18/40 [jackal (3)]
   569 | D:1      | HP: 16/40 [goblin/+0 club (2)]
  1180 | D:1      | Reached XP level 4. HP: 37/49 MP: 4/4
  1248 | D:2      | HP: 21/49 [gnoll/+0 halberd (11)]
  1249 | D:2      | HP: 7/73 [gnoll/+0 halberd (9)]
  1251 | D:2      | Reached skill level 5 in Fighting
  1252 | D:2      | Slain by a gnoll

Illustrated notes

Levels and vault maps discovered:
D:1:      dpeg_arrival_rooms_b, layout_loops_ring, minmay_heptomino_d4
D:2:      layout_basic, minmay_misc_feat_plants, uniq_robin

Skill      XL: |  1  2  3  4 |
---------------+-------------+-----
Maces & Flails | 4 |  4.4
Fighting       | 5 |  5.0
Dodging        | |  2.6

Action                     |  1- 3 |  4- 6 || total
---------------------------+-------+-------++-------
  Melee: Mace              |   121 |     5 ||   126
         Headbutt          |    17 |     1 ||    18
 Invoke: Berserk           |       |     1 ||     1
   Stab: Sleeping          |     1 |       ||     1
 Armour: Animal skin       |    94 |     7 ||   101
  Dodge: Dodged            |    63 |     3 ||    66

Table legend: (Time is in decaauts)
 A = Elapsed time spent in this place.
 B = Non-inter-level travel time spent in this place.
 C = Inter-level travel time spent in this place.
 D = Time resting spent in this place.
 E = Time spent auto-exploring this place.
 F = Levels seen in this place.
 G = Mean time per level.
                   A        B        C        D        E       F      G
               +--------+--------+--------+--------+--------+-----+--------+
         Total |   1281 |   1244 |     37 |     40 |    847 |   2 |  640.5 |
       Dungeon |   1281 |   1244 |     37 |     40 |    847 |   2 |  640.5 |
               +--------+--------+--------+--------+--------+-----+--------+

Top non-repeatable levels by time:
     D:1: 909 daAuts
     D:2: 371 daAuts
